 Dungeon Crawl Stone Soup version 0.28-a0-535-g6f645e4c1d (webtiles) character file.

Game seed: 16062174547165107215

53 mjsherman the Poker (level 3, 0/28 HPs)
             Began as a Merfolk Gladiator on Sept 26, 2021.
             Constricted to death by a ball python (1 damage)
             ... on level 2 of the Dungeon.
             The game lasted 00:07:22 (1728 turns).

mjsherman the Poker (Merfolk Gladiator)             Turns: 1728, Time: 00:07:22

Health: 0/28       AC:  4    Str: 15    XL:     3   Next: 87%
Magic:  3/3        EV: 10    Int:  7    God:
Gold:   60         SH:  0    Dex: 15    Spells: 2/2 levels left

rFire   . . .      SeeInvis .   i - +3 short sword
rCold   . . .      Faith    .   (no shield)
rNeg    . . .      Spirit   .   b - +0 leather armour
rPois   .          Reflect  .   c - +0 helmet
rElec   .          Harm     .   (no cloak)
rCorr   .          Rampage  .   (no gloves)
Will    .....                   (no boots)
Stlth   +.........              (no amulet)
HPRegen 0.09/turn               (no ring)
MPRegen 0.08/turn               (no ring)

@: constricted
A: (nimble swimmer 2), mertail
a: no special abilities


You were on level 2 of the Dungeon.
You visited 1 branch of the dungeon, and saw 2 of its levels.

You collected 60 gold pieces.

Inventory:

Hand Weapons
 a - a +0 trident
 i - a +3 short sword (weapon)
 l - a +1 dagger of venom
 n - a +0 hunting sling
Missiles
 d - 2 throwing nets (quivered)
 o - 27 sling bullets
Armour
 b - a +0 leather armour (worn)
 c - a +0 helmet (worn)
Jewellery
 m - an amulet of guardian spirit
Scrolls
 f - a scroll of identify {unknown}
 g - a scroll of teleportation {unknown}
 h - a scroll of brand weapon {unknown}
 j - a scroll of immolation {unknown}
 p - a scroll of fog {unknown}
Potions
 e - a potion of mutation {unknown}
 k - a potion of curing {unknown}


   Skills:
 + Level 2.4 Fighting
 + Level 0.5 Short Blades
 + Level 5.4 Polearms
 + Level 0.3(1.1) Slings
 + Level 2.2(2.3) Throwing
 + Level 0.6 Armour
 + Level 4.4 Dodging
 + Level 0.5 Stealth


You had 2 spell levels left.
You didn't know any spells.
Your spell library contained the following spells:

 Spells                   Type           Power      Damage    Failure   Level
 Stone Arrow              Conj/Erth      0%         3d7       86%         3
 Animate Armour           Summ/Erth      0%         N/A       99%         4
 Lehudib's Crystal Spear  Conj/Erth      0%         10d2      100%        8


Dungeon Overview and Level Annotations

Branches:
Dungeon (2/15)

Altars:


Innate Abilities, Weirdness & Mutations

((You are quick and stealthy near water. (Stealth+, EV+, Speed+++)))
Your lower body shifts to a powerful aquatic tail in water.


Message History

The ogre hits you but does no damage.
There is a stone staircase leading up here.
You can't go down here!
You climb upwards.
There is a stone staircase leading down here.
Okay, then.
Okay, then.
There is a stone staircase leading down here.
You climb downwards.
The ogre closely misses you.
A worm comes into view.
There is a stone staircase leading up here.
A ball python comes into view.
Found 18 bolts.
Throw: 3 throwing nets
Press: ? - help, Q - select action Shift-Dir - straight line, f - ogre
Aim: an ogre, wielding a +0 giant spiked club (75% to hit)
You throw a throwing net. The throwing net hits the ogre.
The ogre is caught in the net!
The ball python hisses angrily.
The ogre struggles against the net.
The ogre struggles against the net.
The ogre struggles against the net.
The ogre struggles against the net.
You barely miss the ogre.
The ogre struggles against the net.
The net rips apart, and the ogre comes free!
The ball python bites you but does no damage.
The ball python grabs you. The ball python constricts you.
The ball python bites you. The ball python constricts you.
The ball python's grasp on you weakens, but your attempt to escape fails.
The ogre hits you with a +0 giant spiked club!!
Ouch! That really hurt!
* * * LOW HITPOINT WARNING * * *
The ball python bites you but does no damage.
The ball python constricts you.
* * * LOW HITPOINT WARNING * * *
You hit the ball python.
The ball python is severely wounded.
The ball python bites you but does no damage.
The ball python constricts you.
You die...

#.#.
#......##........).
. #
#....<.###.........
#.##......#
#....÷....
#......####
##........ #..##..#
#......## #<. #..#
##...### #.#.###w.#
#†###
#........########.#
........@O......##.#
##.......S.........#
................####
.#.###....>.....# #
#..........#
#..........#
#..........#
#..........#
............#


You could see an ogre, a worm and a ball python.

Vanquished Creatures
  3 adders (D:2)
  3 ball pythons
  4 bats
  2 endoplasms (D:2)
  2 giant cockroaches
  4 goblins (D:1)
  A hobgoblin (D:2)
  A quokka (D:2)
  A frilled lizard (D:1)
  3 kobolds (D:1)
  2 rats
26 creatures vanquished.

Notes
Turn   | Place    | Note
-------+----------+-------------------------------------------
     0 | D:1      | mjsherman the Merfolk Gladiator began the quest for the
                  | Orb.
     0 | D:1      | Reached XP level 1. HP: 16/16 MP: 1/1
   384 | D:1      | Reached XP level 2. HP: 16/22 MP: 2/2
   893 | D:1      | Reached skill level 5 in Polearms
  1062 | D:1      | Found a faded altar of an unknown god.
  1337 | D:2      | Reached XP level 3. HP: 28/28 MP: 3/3
  1681 | D:2      | Noticed an ogre
  1727 | D:2      | HP: 1/28 [constriction (1)]
  1728 | D:2      | Constricted to death by a ball python

Illustrated notes

Levels and vault maps discovered:
D:1:      mrwooster_arrival_statue_2, layout_basic,
          dilly_ecumenical_altar_fadedgnrine, fountainhead
D:2:      minmay_skewed_foursquare, layout_basic, basic_altar, uniq_natasha

Skill      XL: |  1  2 |
---------------+-------+-----
Polearms       | 5 |  5.4
Fighting       | |  2.4
Short Blades   | |  0.5
Slings         | |  0.3
Throwing       | |  2.2
Armour         | |  0.6
Dodging        | |  4.4
Stealth        | |  0.5

Action                   || total
-------------------------++-------
Melee: Trident           ||    22
       Short sword       ||    42
 Fire: Hunting sling     ||    11
Throw: Throwing net      ||     1
 Stab: Sleeping          ||     1
Armor: Leather armour    ||    22
Dodge: Dodged            ||    42

Table legend: (Time is in decaauts)
 A = Elapsed time spent in this place.
 B = Non-inter-level travel time spent in this place.
 C = Inter-level travel time spent in this place.
 D = Time resting spent in this place.
 E = Time spent auto-exploring this place.
 F = Levels seen in this place.
 G = Mean time per level.
                   A        B        C        D        E       F      G
               +--------+--------+--------+--------+--------+-----+--------+
         Total |   1733 |   1590 |    143 |      0 |   1302 |   2 |  866.5 |
       Dungeon |   1733 |   1590 |    143 |      0 |   1302 |   2 |  866.5 |
               +--------+--------+--------+--------+--------+-----+--------+

Top non-repeatable levels by time:
     D:1: 1306 daAuts
     D:2: 426 daAuts
